AoeStats
← That NZ Guy

Lombardia

508605235Analyzed
4v4 RM · 11d ago on Sep 23, 2026· 21m 20s· 8 players
Game mode
Random Map
Map size
Large (8 player)
Population
200
Speed
Normal
Resources
Standard
Victory
Conquest
Starting age
Dark Age
Ending age
Imperial Age
RankedLock teamsTeams togetherTeam positionsShared explorationLock speedFull tech treeHidden civsTurbo modeCheats
Victory
Defeat
🇵🇪 Danes · Peru
979
+12
🇭🇰 Huns · Hong Kong SAR China
941
+14
🇦🇷 Burgundians · Argentina
939
+14
🇹🇼 Cumans · Taiwan
905
+15
🇬🇧 Persians · United Kingdom
1025
-37
🇳🇿 Romans · New Zealand
888
-14
🇳🇿 Franks · New Zealand
850
-12
🇳🇿 Teutons · New Zealand
809
-11
聖君阿耀
0:33 Loom
13:17 Feudal Age
14:54 Wheelbarrow
18:14 Castle Age
16:42 Double-Bit Axe
16:39 Horse Collar
17:59 Bloodlines
0204isaias
2:29 Loom
11:25 Feudal Age
11:54 Double-Bit Axe
16:36 Castle Age
17:41 Bow Saw
wanitaa
8:17 Loom
10:02 Feudal Age
15:43 Castle Age
17:13 Wheelbarrow
17:24 Light Cavalry
18:18 Double-Bit Axe
18:43 Husbandry
20:25 Forging
20:50 Scale Mail Armor
21:01 Horse Collar
s520s
9:50 Feudal Age
10:29 Double-Bit Axe
14:45 Horse Collar
15:37 Loom
21:21 Castle Age
20:30 Forging
20:26 Scale Barding Armor
21:36 Bloodlines
That NZ Guy
8:39 Loom
12:55 Feudal Age
14:36 Wheelbarrow
13:50 Double-Bit Axe
13:49 Horse Collar
18:54 Stone Mining
20:36 Gold Mining
MuttzNChopz
0:50 Loom
1:23 Loom
1:28 Loom
11:21 Feudal Age
18:53 Castle Age
17:14 Double-Bit Axe
18:50 Wheelbarrow
21:21 Bow Saw
20:55 Horse Collar
IT5 A SQUATCH
0:31 Loom
11:25 Feudal Age
13:52 Wheelbarrow
13:06 Double-Bit Axe
15:27 Gold Mining
18:43 Stone Mining
23:47 Castle Age
kazokas
7:27 Loom
10:39 Feudal Age
14:59 Castle Age
13:10 Double-Bit Axe
14:47 Wheelbarrow
16:21 Bow Saw
Connection lost

Rejoining the realm…

Still unreachable

The connection could not be restored.

Session expired

The server has moved on; the page needs a fresh start.